 Dungeon Crawl Stone Soup version 0.27.1-34-g3ba077fa99 (webtiles) character file.

Game seed: 10906744064432139747

2951 Akaron the Destroyer (level 9, -1/54 HPs)
             Began as an Octopode Conjurer on Jan 23, 2022.
             Slain by an orc warrior (16 damage)
             ... on level 7 of the Dungeon.
             The game lasted 00:25:15 (7998 turns).

Akaron the Destroyer (Octopode Conjurer)            Turns: 7998, Time: 00:25:15

Health: -1/54      AC:  1    Str:  7    XL:     9   Next: 81%
Magic:  25/29      EV: 17    Int: 23    God:
Gold:   212        SH:  0    Dex: 10    Spells: 13/23 levels left

rFire    . . .     SeeInvis .   l - +1 flail (protect)
rCold    . . .     Faith    .   (no shield)
rNeg     + . .     Spirit   .   (helmet restricted)
rPois    .         Reflect  .   (no amulet)
rElec    .         Harm     .   i - ring of magical power
rCorr    .         Rampage  .   v - +4 ring of evasion
Will     .....                  B - ring of positive energy
Stlth    +++.......             (no ring)
HPRegen  0.18/turn              (no ring)
MPRegen  0.21/turn              (no ring)
                                (no ring)
                                (no ring)

@: no status effects
A: almost no armour, amphibious, 8 rings, camouflage 1, gelatinous body 1,
(nimble swimmer 1), tentacles
a: no special abilities


You were on level 7 of the Dungeon.
You visited 2 branches of the dungeon, and saw 8 of its levels.
You also visited: Sewer.

You collected 236 gold pieces.
You spent 24 gold pieces at shops.

Inventory:

Hand Weapons
 l - a +1 flail of protection (weapon)
Armour
 r - a +0 kite shield
Magical Staves
 C - a staff of fire
Jewellery
 i - a ring of magical power (left tentacle)
 v - a +4 ring of evasion (right tentacle)
 B - a ring of positive energy (on tentacle)
Wands
 b - a wand of iceblast (9)
 k - a wand of digging (6)
 x - a wand of charming (9)
Scrolls
 c - 2 scrolls of blinking {unknown}
 d - 5 scrolls of teleportation {unknown}
 e - 5 scrolls of fear
 f - 2 scrolls of enchant weapon {unknown}
 j - a scroll of amnesia {unknown}
 m - 2 scrolls of acquirement {unknown}
 s - 3 scrolls of fog {unknown}
 u - 2 scrolls of enchant armour {unknown}
 w - a scroll of immolation {unknown}
 y - a scroll of silence {unknown}
 A - a scroll of identify
Potions
 a - a potion of might {unknown}
 g - a potion of cancellation {unknown}
 h - a potion of mutation {unknown}
 n - a potion of attraction {unknown}
 o - 5 potions of invisibility
 p - 2 potions of heal wounds
 q - 2 potions of resistance
 t - 2 potions of curing {unknown}
 z - a potion of ambrosia {unknown}


   Skills:
 - Level 2.0 Fighting
 - Level 0.5 Short Blades
 + Level 3.5 Dodging
 - Level 3.0 Stealth
 + Level 0.4 Unarmed Combat
 + Level 7.6 Spellcasting
 + Level 9.0 Conjurations
 + Level 5.2 Hexes


You had 13 spell levels left.
You knew the following spells:

 Your Spells              Type           Power      Damage    Failure   Level
a - Magic Dart            Conj           100%       1d8       1%          1
b - Searing Ray           Conj           100%       3d7       1%          2
c - Fulminant Prism       Conj/Hex       20%        3d13      3%          4
d - Dazzling Flash        Conj/Hex       82%        N/A       1%          3

Your spell library contained the following spells:

 Spells                   Type           Power      Damage    Failure   Level
 Iskenderun's Mystic Bla  Conj/Tloc      29%        2d7       11%         4


Dungeon Overview and Level Annotations

Branches:
Dungeon (7/15)             Temple (1/1) D:6           Sewer (visited)

Altars:
Ashenzari
Dithmenos
Fedhas
Gozag
Hepliaklqana
Nemelex Xobeh
Okawaru
Ru
Sif Muna
Xom
Zin
The Shining One

Shops:
D:4 ?   D:6 ?


Innate Abilities, Weirdness & Mutations

You cannot wear most types of armour.
You are amphibious.
You can wear up to eight rings at the same time.
Your skin changes colour to match your surroundings (Stealth+).
Your rubbery body absorbs attacks. (AC +1, EV +1)
((You are camouflaged near water. (Stealth+)))
You have tentacles for arms and can constrict up to eight enemies at once.


Message History

Found 21 sling bullets.
Found a ring mail.
Found a scroll of fear.
A jelly comes into view.
You see here a scroll of fear.
Aiming: Searing Ray (safe; 1% risk of failure)
Press: ? - help, Q - select action, (/) - cycle Shift-Dir - straight line, f - you
Okay, then.
Aiming: Searing Ray (safe; 1% risk of failure)
Press: ? - help, Q - select action, (/) - cycle Shift-Dir - straight line, f - jelly
Aim: a jelly (wandering, hasn't noticed you, 100% to hit)
The searing ray hits the jelly!
The jelly is almost dead. (Press . to maintain the ray.)
The searing ray hits the jelly!
You kill the jelly!
e - 5 scrolls of fear (gained 1)
An orc warrior comes into view. It is wielding a +0 glaive.
Aiming: Searing Ray (safe; 1% risk of failure)
Press: ? - help, Q - select action, (/) - cycle Shift-Dir - straight line, f - orc warrior
Aim: an orc warrior, wielding a +0 glaive and wearing a +0 plate armour (asleep, 100% to hit)
The searing ray hits the orc warrior.
The orc warrior is lightly wounded.
The orc warrior shouts! (Press . to maintain the ray.)
The orc warrior misses you.
The searing ray hits the orc warrior but does no damage.
The orc warrior is lightly wounded.
The orc warrior hits you from afar with a +0 glaive!
The searing ray hits the orc warrior.
The orc warrior is moderately wounded.
The orc warrior misses you.
The searing ray hits the orc warrior.
The orc warrior is heavily wounded.
You finish channeling your searing ray.
The orc warrior hits you from afar with a +0 glaive!
The orc warrior hits you from afar with a +0 glaive!
* * * LOW HITPOINT WARNING * * *
The orc warrior hits you from afar with a +0 glaive!
You die...

#..<####.###....###...........≈
#......#.......## ...........≈
##...........#...###...........≈
##.......#..####.............#..≈
...##..###...##..#.....##....#.§≈
.##<...# ##......#.....#........§
.#....## ######...##...........§
###..## #....#..###..##..§ #(##
#@.......#........ ##.#
#o..##...#.........# #..## #####
#.##...##..... #...##
####.####.##.....
##...###########.##.##...###....
#.....##........#.......##..##.
##........###.....#.....#..###.
#.#......##......#..#......###
####.....##.........##........


You could see an orc warrior.

Vanquished Creatures
  A hornet (D:7)
  2 water moccasins
  Purgy (Sewer)
  A sky beast (D:6)
  7 necrophages (D:5)
  2 ice beasts
  A black bear (D:6)
  2 ogres
  A centaur (D:6)
  3 phantoms
  A scorpion (D:4)
  2 jellies
  2 howler monkeys
  A bullfrog zombie (D:5)
  A centaur zombie (D:6)
  An orc priest (D:4)
  4 hounds
  2 bullfrog skeletons
  A centaur skeleton (D:6)
  A scorpion zombie (D:5)
  An iguana (D:5)
  5 orc wizards
  A hound zombie (D:5)
  13 adders
  5 gnolls
  2 white imps
  3 ufetubi
  An adder zombie (D:5)
  3 dart slugs
  19 orcs
  6 endoplasms
  4 giant cockroaches
  12 goblins
  9 hobgoblins
  2 jackals (D:4)
  2 quokkas
  10 ball pythons
  7 bats
  7 frilled lizards
  4 kobolds
  6 rats
  A bush (D:5)
160 creatures vanquished.

Vanquished Creatures (others)
  2 bushes (D:5)
  3 fulminant prisms (D:5)
  13 plants (D:5)
18 creatures vanquished.

Grand Total: 178 creatures vanquished

Notes
Turn   | Place    | Note
-------+----------+-------------------------------------------
     0 | D:1      | Akaron the Octopode Conjurer began the quest for the Orb.
     0 | D:1      | Reached XP level 1. HP: 11/11 MP: 3/3
   168 | D:1      | Reached XP level 2. HP: 17/17 MP: 1/5
   219 | D:1      | Learned a level 2 spell: Searing Ray
   305 | D:1      | Found a faded altar of an unknown god.
   652 | D:1      | Reached XP level 3. HP: 21/21 MP: 3/6
  1249 | D:2      | HP: 1/21 [endoplasm (2)]
  2344 | D:3      | Reached skill level 5 in Conjurations
  2344 | D:3      | Reached XP level 4. HP: 27/27 MP: 5/7
  2349 | D:3      | Learned a level 4 spell: Fulminant Prism
  2497 | D:3      | Found a hazy altar of Hepliaklqana.
  2639 | D:3      | Reached skill level 1 in Hexes
  2827 | D:3      | Reached XP level 5. HP: 30/31 MP: 7/9
  3112 | D:4      | Noticed a phantom
  3115 | D:4      | Killed a phantom
  3151 | D:4      | Reached XP level 6. HP: 16/36 MP: 7/10
  3564 | D:4      | Reached skill level 6 in Conjurations
  3782 | D:4      | Reached XP level 7. HP: 42/42 MP: 13/13
  3896 | D:4      | Learned a level 3 spell: Dazzling Flash
  3935 | D:4      | Found Wuso Xes's Magic Scroll Boutique.
  4513 | D:5      | Entered Level 5 of the Dungeon
  4746 | D:5      | Found a glowing drain.
  4774 | D:5      | Reached XP level 8. HP: 43/47 MP: 9/15
  4860 | D:5      | Reached skill level 5 in Spellcasting
  4868 | Sewer    | Entered a sewer
  5058 | Sewer    | Noticed Purgy
  5064 | Sewer    | Killed Purgy
  5360 | D:5      | Reached skill level 7 in Conjurations
  5440 | D:5      | Reached skill level 1 in Fighting
  5714 | D:5      | Found a blossoming altar of Fedhas.
  5961 | D:5      | Reached XP level 9. HP: 54/54 MP: 6/18
  6154 | D:6      | Reached skill level 8 in Conjurations
  6154 | D:6      | Reached skill level 5 in Hexes
  6529 | D:6      | Found a staircase to the Ecumenical Temple.
  6546 | Temple   | Entered the Ecumenical Temple
  6845 | D:6      | Found Dotym's Magic Scroll Shoppe.
  6853 | D:6      | Bought a scroll of identify for 24 gold pieces
  7648 | D:7      | Found a shimmering altar of Xom.
  7715 | D:7      | Noticed a hornet
  7723 | D:7      | Paralysed by a hornet for 1 turns
  7725 | D:7      | Killed a hornet
  7726 | D:7      | Reached skill level 9 in Conjurations
  7998 | D:7      | Slain by an orc warrior

Illustrated notes

Levels and vault maps discovered:
D:1:      psy_arrival_heroes, layout_rooms,
          shapermc_ecumenical_altar_totnotflames, serial_corexii_hall,
          corexii_hall_statues_t, chequers_hall_statues_y,
          chequers_hall_statues_wall_a, corexii_hall_statues_i,
          chequers_hall_statues_corner_a, chequers_hall_statues_corner_a
D:2:      layout_basic, minmay_between
D:3:      minmay_evil_eye, layout_rooms, mainiacjoe_overflow_alcove_2
D:4:      layout_gridville, serial_shops, shop, st_stairs_2
D:5:      layout_basic, fedhas_altar_decomposition, gup_sewer_entry_glass
D:6:      layout_basic, minmay_temple_entry_sparse_star, serial_shops, shop,
          minmay_stone_trees_medium
D:7:      layout_cave_pools, mainiacjoe_overflow_brackets,
          makhleb_grotto_becter, marbit_many_paths,
          mainiacjoe_overflow_chevrons, serial_park, serial_park_tiny_2,
          serial_park_square2, serial_park_square1 [serial_park_minivault_5x5_8]
Temple:   nicolae_temple_figure_zero

Skill      XL: |  1  2  3  4  5  6  7  8  9 |
---------------+----------------------------+-----
Stealth        | 3 |  3.0
Conjurations   | 5 6 7 9 |  9.0
Hexes          | 1 2 3 4 5 |  5.2
Spellcasting   | 3 4 6 7 |  7.6
Fighting       | 1 2 |  2.0
Dodging        | 3 |  3.5
Short Blades   | |  0.5
Unarmed Combat | |  0.4

Action                   |  1- 3 |  4- 6 |  7- 9 || total
-------------------------+-------+-------+-------++-------
Melee: Dagger            |    14 |       |       ||    14
       Unarmed           |     2 |       |       ||     2
       Constrict         |     1 |       |     1 ||     2
       Tentacles         |     1 |       |       ||     1
       Flail             |       |       |     1 ||     1
 Cast: Magic Dart        |    72 |     2 |       ||    74
       Searing Ray       |     1 |    30 |    74 ||   105
       Fulminant Prism   |       |       |     3 ||     3
  Use: Scroll            |       |       |     4 ||     4
Armor: Skin              |       |     1 |     1 ||     2
Dodge: Dodged            |    10 |     7 |    39 ||    56
